 Dungeon Crawl Stone Soup version 0.28-a0-48-gfd831c5874 (webtiles) character file.

Game seed: 16766534594927224416

4260 Wyvernaa the Spear-Bearer (level 10, -12/77 HPs)
             Began as a Formicid Fighter on July 30, 2021.
             Was an Initiate of Gozag.
             Mangled by a two-headed ogre (22 damage)
             ... on level 9 of the Dungeon.
             The game lasted 00:25:27 (10607 turns).

Wyvernaa the Spear-Bearer (Formicid Fighter)       Turns: 10607, Time: 00:25:28

Health: -12/77     AC: 13    Str: 24    XL:     10   Next: 56%
Magic:  3/3        EV: 10    Int:  8    God:    Gozag
Gold:   575        SH: 11    Dex: 10    Spells: 9/9 levels left

rFire   . . .      SeeInvis +   m - +3 trident (antimagic)
rCold   . . .      Faith    .   c - +0 kite shield
rNeg    . . .      Spirit   .   b - +0 scale mail
rPois   .          Reflect  .   (helmet unavailable)
rElec   .          Harm     .   k - +0 cloak
rCorr   .          Rampage  .   s - +0 pair of gloves
Will    +....                   o - +1 pair of boots {Stlth+}
Stlth   ++........              (no amulet)
HPRegen 0.22/turn               (no ring)
MPRegen 0.08/turn               (no ring)

@: studying Axes
A: permanent stasis, dig shafts and tunnels, antennae 3, four strong arms
a: Dig, Shaft Self, Renounce Religion, Potion Petition, Call Merchant, Bribe
Branch


You were on level 9 of the Dungeon.
You worshipped Gozag.
Gozag was pleased with you.
You visited 2 branches of the dungeon, and saw 10 of its levels.

You collected 674 gold pieces.
You paid 99 gold pieces to Gozag.

Inventory:

Hand Weapons
 m - a +3 antimagic trident (weapon)
Missiles
 i - a throwing net
Armour
 b - a +0 scale mail (worn)
 c - a +0 kite shield (worn)
 k - a +0 cloak (worn)
 o - a +1 pair of boots of stealth (worn)
 s - a +0 pair of gloves (worn)
Jewellery
 d - a ring of magical power
Wands
 l - a wand of polymorph (9)
 n - a wand of charming (10)
 t - a wand of acid (4)
Scrolls
 p - a scroll of fear
Potions
 a - a potion of ambrosia
 e - a potion of attraction
 f - a potion of invisibility
 g - 2 potions of flight
 h - 2 potions of lignification
 j - a potion of curing
 q - a potion of cancellation {unknown}
 r - a potion of mutation {unknown}
 u - 2 potions of haste {unknown}


   Skills:
 + Level 6.7 Fighting
 + Level 9.3 Polearms
 + Level 7.8 Armour
 + Level 2.8 Dodging
 + Level 2.6 Stealth
 + Level 8.5 Shields
 * Level 2.0 Evocations


You had 9 spell levels left.
You didn't know any spells.
Your spell library contained the following spells:

 Spells                   Type           Power      Damage    Failure   Level
 Pain                     Necr           0%         1d4       71%         1
 Slow                     Hex            0%         N/A       85%         2
 Confusing Touch          Hex            0%         N/A       97%         3
 Vampiric Draining        Necr           0%         2d6       97%         3
 Animate Armour           Summ/Erth      0%         N/A       100%        4
 Fulminant Prism          Conj/Hex       0%         3d6       100%        4
 Iskenderun's Mystic Bla  Conj/Tloc      0%         2d3       100%        4
 Olgreb's Toxic Radiance  Pois           0%         N/A       100%        4
 Agony                    Necr           0%         N/A       100%        5
 Blade Hands              Tmut           0%         N/A       100%        5
 Excruciating Wounds      Necr           0%         N/A       100%        5
 Lee's Rapid Deconstruct  Erth           0%         3d5*      100%        5
 Iron Shot                Conj/Erth      0%         9d1       100%        6
 Malign Gateway           Summ/Tloc      0%         N/A       100%        7
 Ozocubu's Refrigeration  Ice            0%         4d5       100%        7
 Ignition                 Fire           0%         3d3       100%        8
 Summon Horrible Things   Summ           0%         N/A       100%        8


Dungeon Overview and Level Annotations

Branches:
Dungeon (9/15)             Temple (1/1) D:6
   Lair: D:8-11         Orc: D:9-12

Altars:
Ashenzari
Cheibriados
Dithmenos
Elyvilon
Fedhas
Gozag
Hepliaklqana
Makhleb
Nemelex Xobeh
Okawaru
Qazlal
Ru
Sif Muna
Trog
Uskayaw
Vehumet
Wu Jian
Xom
Yredelemnul
Zin
The Shining One

Shops:
D:8 *


Innate Abilities, Weirdness & Mutations

You cannot be hasted, slowed, berserked, paralysed or teleported.
You can dig through walls and to a lower floor.
You have a pair of large antennae on your head. (SInv)
Your four strong arms can wield two-handed weapons with a shield.


Message History

You extend your mandibles.
You dig through the rock wall.
The orc shouts! x2
You retract your mandibles.
There is an escape hatch in the floor here.
The two-headed ogre hits you with a +0 giant spiked club.
The two-headed ogre hits you with a +0 giant club!
You slide downwards.
The hatch slams shut behind you.
Found four items.
Found an escape hatch in the ceiling.
Okay, then.
You puncture the two-headed ogre!
The two-headed ogre is lightly wounded.
You barely miss the two-headed ogre.
The two-headed ogre is lightly wounded.
The two-headed ogre misses you. The two-headed ogre closely misses you.
You barely miss the two-headed ogre.
The two-headed ogre is lightly wounded.
You puncture the two-headed ogre!
The two-headed ogre is moderately wounded.
The two-headed ogre closely misses you. The two-headed ogre barely misses you.
You puncture the two-headed ogre!
The two-headed ogre is heavily wounded.
The two-headed ogre hits you with a +0 giant spiked club!!
The two-headed ogre closely misses you.
You closely miss the two-headed ogre.
The two-headed ogre is heavily wounded.
You hit the two-headed ogre.
The two-headed ogre is heavily wounded.
The two-headed ogre hits you with a +0 giant spiked club!
* * * LOW HITPOINT WARNING * * *
The two-headed ogre barely misses you.
You puncture the two-headed ogre!
The two-headed ogre is severely wounded.
The two-headed ogre misses you.
The two-headed ogre hits you with a +0 giant club!
* * * LOW HITPOINT WARNING * * *
You feel better.
The two-headed ogre hits you with a +0 giant spiked club!!
You die...
Your body crumbles into a pile of gold.

###########....
...............
............<..
...!...........
#............#
#............#
#......O......
#....!@.......
#..!..........
#.............
#.............
#.............
#.............
#.............
$
#......$......


You could see a two-headed ogre.

Vanquished Creatures
  Pikel (D:7)
  A hornet (D:8)
  Sigmund (D:4)
  5 humans
  Menkaure (D:7)
  3 water moccasins
  3 ice beasts
  A sky beast (D:5)
  A black bear (D:6)
  2 necrophages
  3 ogres
  A phantom (D:4)
  A lemure (D:7)
  A kobold brigand (D:7)
  2 bullfrogs (D:8)
  A gnoll sergeant (D:4)
  A scorpion (D:5)
  2 wyvern skeletons (D:5)
  2 water moccasin skeletons
  3 killer bees (D:6)
  2 centaur zombies
  3 hounds
  2 orc priests
  3 centaur skeletons
  2 iguanas
  Natasha (twice) (D:4)
  2 orc wizards (D:3)
  A killer bee zombie (D:6)
  A hound skeleton (D:4)
  A howler monkey zombie (D:7)
  Robin (D:4)
  3 gnolls (D:4)
  6 adders
  2 white imps (D:7)
  An ufetubus (D:5)
  3 worms
  3 dart slugs
  13 orcs
  9 bats
  5 endoplasms
  4 giant cockroaches
  13 goblins
  4 hobgoblins
  10 jackals
  2 quokkas
  6 ball pythons
  A frilled lizard (D:2)
  12 kobolds
  6 rats
159 creatures vanquished.

Notes
Turn   | Place    | Note
-------+----------+-------------------------------------------
     0 | D:1      | Wyvernaa the Formicid Fighter began the quest for the Orb.
     0 | D:1      | Reached XP level 1. HP: 18/18 MP: 1/1
   152 | D:1      | Reached XP level 2. HP: 23/24 MP: 2/2
   351 | D:1      | Found a faded altar of an unknown god.
   605 | D:1      | Reached XP level 3. HP: 29/29 MP: 3/3
  1083 | D:2      | Reached XP level 4. HP: 19/36 MP: 4/4
  2168 | D:3      | Reached XP level 5. HP: 41/41 MP: 5/5
  2508 | D:3      | Reached skill level 3 in Polearms
  2558 | D:3      | Reached skill level 5 in Shields
  2862 | D:3      | Reached XP level 6. HP: 39/48 MP: 6/6
  3079 | D:4      | Noticed Sigmund
  3647 | D:4      | Reached skill level 1 in Dodging
  3897 | D:4      | Reached XP level 7. HP: 18/53 MP: 7/7
  4187 | D:4      | Noticed Natasha
  4206 | D:4      | Killed Natasha
  4207 | D:4      | Reached skill level 4 in Polearms
  4394 | D:4      | Reached skill level 5 in Armour
  4819 | D:4      | Noticed Robin
  4832 | D:4      | Killed Robin
  4844 | D:4      | Killed Sigmund
  4995 | D:4      | Noticed Natasha
  4999 | D:4      | Reached XP level 8. HP: 61/61 MP: 2/8
  5000 | D:4      | Killed Natasha
  5124 | D:5      | Entered Level 5 of the Dungeon
  5142 | D:5      | Reached skill level 5 in Polearms
  6203 | D:5      | Reached skill level 5 in Fighting
  6203 | D:5      | Reached skill level 6 in Polearms
  6709 | D:6      | Reached skill level 1 in Stealth
  6713 | D:6      | Reached XP level 9. HP: 64/68 MP: 3/9
  6913 | D:5      | Reached skill level 7 in Polearms
  7699 | D:6      | Reached skill level 8 in Polearms
  7978 | D:6      | Identified a scroll of acquirement
  7987 | D:6      | Acquired a +1 pair of boots of stealth
  8245 | D:6      | Reached XP level 10. HP: 68/76 MP: 3/10
  8451 | D:6      | Found a staircase to the Ecumenical Temple.
  8461 | Temple   | Entered the Ecumenical Temple
  8611 | Temple   | Became a worshipper of Gozag Ym Sagoz the Greedy
  8763 | D:7      | Found a white marble altar of Elyvilon.
  8773 | D:7      | Found a hazy altar of Hepliaklqana.
  8784 | D:7      | Found a glowing golden altar of the Shining One.
  9243 | D:7      | Found a stormy altar of Qazlal.
  9548 | D:7      | Noticed Menkaure
  9646 | D:7      | Killed Menkaure
 10026 | D:8      | Noticed Pikel
 10048 | D:7      | Killed Pikel
 10049 | D:7      | Reached skill level 9 in Polearms
 10049 | D:7      | Reached skill level 1 in Evocations
 10237 | D:8      | Found Daugeot's Lightly-Used Armoury.
 10539 | D:8      | Found a burning altar of Makhleb.
 10539 | D:8      | Found a shimmering blue altar of Sif Muna.
 10580 | D:8      | Noticed a two-headed ogre
 10606 | D:9      | HP: 1/77 [two-headed ogre (10)]
 10607 | D:9      | Mangled by a two-headed ogre

Illustrated notes

Levels and vault maps discovered:
D:1:      dpeg_arrival_prison, layout_basic,
          hellmonk_ecumenical_altar_arch_garden
D:2:      layout_loops_ring
D:3:      layout_basic
D:4:      layout_rooms, lightli_minifort, uniq_robin, uniq_natasha, uniq_sigmund
D:5:      layout_basic
D:6:      layout_basic, minmay_temple_entry_poolview, minmay_ruffians
D:7:      layout_layer_cave, mainiacjoe_overflow_brackets,
          mainiacjoe_overflow_catwalk, mainiacjoe_overflow_big_doors,
          hangedman_decor_push, st_stairs_9, nicolae_zen_rock_garden,
          uniq_menkaure
D:8:      layout_basic, gammafunk_temple_overflow_elements, minmay_shop_damaged,
          st_stairs_9, kennysheep_small_square, uniq_pikel
D:9:      layout_basic, erik_orc_1
Temple:   eino_temple_scatter_basement

Skill      XL: |  1  2  3  4  5  6  7  8  9 10 |
---------------+-------------------------------+-----
Shields        | 4 5 6 7 8 |  8.5
Armour         | 4 5 6 7 |  7.8
Polearms       | 3 4 6 8 9 |  9.3
Dodging        | 1 2 |  2.8
Fighting       | 4 5 6 |  6.7
Stealth        | 1 2 |  2.6
Evocations     | 2 |  2.0

Action                   |  1- 3 |  4- 6 |  7- 9 | 10-12 || total
-------------------------+-------+-------+-------+-------++-------
Melee: Trident           |    84 |   254 |   333 |   121 ||   792
 Abil: Dig               |     1 |     7 |     7 |    14 ||    29
  Use: Scroll            |     1 |     4 |     7 |     2 ||    14
       Potion            |       |     3 |       |     2 ||     5
 Stab: Distracted        |       |       |       |     1 ||     1
Armor: Scale mail        |    43 |   110 |    75 |    22 ||   250
       Skin              |       |     9 |     4 |       ||    13
Dodge: Dodged            |    21 |    72 |    99 |    30 ||   222
Block: Kite shield       |    47 |   135 |   132 |    35 ||   349

Table legend: (Time is in decaauts)
 A = Elapsed time spent in this place.
 B = Non-inter-level travel time spent in this place.
 C = Inter-level travel time spent in this place.
 D = Time resting spent in this place.
 E = Time spent auto-exploring this place.
 F = Levels seen in this place.
 G = Mean time per level.
                   A        B        C        D        E       F      G
               +--------+--------+--------+--------+--------+-----+--------+
         Total |  10745 |  10561 |    184 |   3658 |   4318 |  10 | 1074.5 |
       Dungeon |  10581 |  10408 |    173 |   3658 |   4183 |   9 | 1175.7 |
        Temple |    163 |    152 |     11 |      0 |    135 |   1 |  163.0 |
               +--------+--------+--------+--------+--------+-----+--------+

Top non-repeatable levels by time:
     D:3: 1963 daAuts
     D:5: 1880 daAuts
     D:7: 1522 daAuts
     D:6: 1507 daAuts
     D:4: 1468 daAuts
     D:2: 1000 daAuts
     D:1: 827 daAuts
     D:8: 404 daAuts
  Temple: 163 daAuts
     D:9: 7 daAuts
